 Dungeon Crawl Stone Soup version 0.30.1-11-g7821555f0a (webtiles) character file.

Game seed: 7289366717851043981

27 octoduck the Firebug (level 2, -1/22 HPs)
             Began as a Deep Elf Fire Elementalist on Dec 17, 2023.
             Slain by a rat (2 damage)
             ... on level 1 of the Dungeon.
             The game lasted 00:05:01 (1438 turns).

octoduck the Firebug (Deep Elf Fire Elementalist)   Turns: 1438, Time: 00:05:01

Health: -1/22      AC:  2    Str:  5    XL:     2   Next: 93%
Magic:  8/8        EV: 12    Int: 19    God:
Gold:   65         SH:  0    Dex: 15    Spells: 4/7 levels left

rFire   . . .        k - +0 dagger
rCold   . . .        (no shield)
rNeg    . . .        a - +0 robe
rPois   .            (no helmet)
rElec   .            (no cloak)
rCorr   .            (no gloves)
SInv    .            (no boots)
Will    .....        (no amulet) Stlth
                     (no ring)
HPRegen 0.23/turn    (no ring)
MPRegen 0.11/turn

%: no passive effects
@: berserking, very quick
A: no striking features
a: no special abilities


You were on level 1 of the Dungeon.
You visited 1 branch of the dungeon, and saw 2 of its levels.

You collected 65 gold pieces.

Inventory:

Hand Weapons
 k - a +0 dagger (weapon)
Missiles
 h - 5 poisoned darts
Armour
 a - a +0 robe (worn)
 j - a +0 leather armour
Potions
 b - a potion of magic
 d - a potion of attraction {unknown}
 e - 2 potions of degeneration {unknown}
 f - a potion of berserk rage
 g - 2 potions of mutation {unknown}


   Skills:
 - Level 2.4 Dodging
 + Level 3.1 Stealth
 - Level 3.0 Spellcasting
 + Level 2.1 Conjurations
 + Level 3.8 Fire Magic


You had 4 spell levels left.
You knew the following spells:

 Your Spells              Type           Power      Damage    Failure   Level
a - Foxfire               Conj/Fire      56%        2x1d6     4%          1
b - Scorch                Fire           34%        2d6       4%          2

Your spell library contained the following spells:

 Spells                   Type           Power      Damage    Failure   Level
 Magic Dart               Conj           40%        1d5       6%          1
 Inner Flame              Hex/Fire       10%        N/A       21%         3
 Volatile Blastmotes      Fire/Tloc      20%        2d11      21%         3
 Call Imp                 Summ           4%         N/A       22%         2
 Mephitic Cloud           Conj/Pois/Air  5%         N/A       34%         3
 Flame Wave               Conj/Fire      14%        2d6       41%         4
 Animate Armour           Summ/Erth      4%         N/A       83%         4
 Blade Hands              Tmut           1%         N/A       99%         5
 Iron Shot                Conj/Erth      3%         9d2       100%        6


Dungeon Overview and Level Annotations

Branches:
Dungeon (2/15)

Altars:


Message History

Confirm with . or Enter, or press ? or * to list all spells.
You conjure some foxfire!
The endoplasm barely misses you.
The endoplasm is no longer more vulnerable to fire.
The foxfire hits the endoplasm.
You kill the endoplasm!
You start resting.
Your foxfire dissipates!
You start resting.
HP restored.
There is a stone staircase leading down here.
There is a stone staircase leading down here.
You climb downwards.
The endoplasm freezes you.
You are frozen.
The rat bites you.
There is a stone staircase leading up here.
The endoplasm hits you. The rat bites you.
* * * LOW HITPOINT WARNING * * *
You climb upwards.
There is a stone staircase leading down here.
Okay, then.
As you read the scroll labelled JEOLAI INEUNG, it crumbles to dust.
It is a scroll of identify.
f - 2 potions of berserk rage The endoplasm closely misses you.
The rat barely misses you.
A red film seems to cover your vision as you go berserk!
You feel yourself moving faster!
You feel mighty! The endoplasm barely misses you. The rat bites you.
* * * LOW HITPOINT WARNING * * *
You barely miss the endoplasm.
The endoplasm hits you but does no damage.
The rat bites you but does no damage.
You puncture the endoplasm!
You kill the endoplasm!
The rat bites you.
* * * LOW HITPOINT WARNING * * *
You barely miss the rat. You closely miss the rat. The rat bites you.
* * * LOW HITPOINT WARNING * * *
You closely miss the rat. The rat bites you.
You die...

#.......# #....##.#
#....##.# #....##.#
##......##########
####..##..#...##...##
#...........#....#..#
#.##.r....#########..
#.##@........# #..
#..#.........# #..
##.#....#..#.# #..
#...#.....#.# #..
####.#...#.### #..
#....#.#.#.# #..
#......#.#.# #..
#....###.#.# #.#
###..###.#.# #.#


You could see a rat.

Vanquished Creatures
  4 endoplasms (D:1)
  2 giant cockroaches
  A goblin (D:1)
  4 hobgoblins (D:1)
  A kobold (D:2)
  A quokka (D:2)
  5 ball pythons
  3 bats (D:1)
  2 rats (D:1)
23 creatures vanquished.

Vanquished Creatures (others)
  43 foxfires
43 creatures vanquished.

Grand Total: 66 creatures vanquished

Notes
Turn   | Place    | Note
-------+----------+-------------------------------------------
     0 | D:1      | octoduck the Deep Elf Fire Elementalist began the quest for
                  | the Orb.
     0 | D:1      | Reached XP level 1. HP: 10/10 MP: 6/6
   440 | D:1      | Reached XP level 2. HP: 15/15 MP: 6/8
   444 | D:1      | Learned a level 2 spell: Scorch
  1437 | D:1      | HP: 1/22 [rat (1)]
  1438 | D:1      | Slain by a rat

Illustrated notes

Levels and vault maps discovered:
D:1:      dpeg_arrival_concentric_ovals, layout_basic,
          hangedman_abyss_or_decor_stabs, grunt_decor_cap
D:2:      layout_basic, nicolae_ecumenical_lake_church

Skill      XL: |  1  2 |
---------------+-------+-----
Conjurations   | 2 |  2.1
Stealth        | 3 |  3.1
Dodging        | |  2.4
Spellcasting   | |  3.0
Fire Magic     | |  3.8

Action                     || total
---------------------------++-------
  Melee: Dagger            ||     5
   Cast: Foxfire           ||    25
         Scorch            ||     4
    Use: Scroll            ||     2
         Potion            ||     1
 Armour: Robe              ||     6
  Dodge: Dodged            ||     7
